 Dungeon Crawl Stone Soup version 0.13-a0-2537-g1f6edf4 (webtiles) character file.

374 Rycklaryybbe the Insei (level 5, 0/44 HPs)
             Began as a Draconian Monk on July 27, 2013.
             Slain by a sky beast (1 damage)
             ... on Level 4 of the Dungeon.
             The game lasted 00:08:33 (3348 turns).

Rycklaryybbe the Insei (Draconian Monk)             Turns: 3348, Time: 00:08:33

HP   0/44        AC  6     Str 13      XL: 5   Next: 90%
MP   4/4         EV 13     Int 16      God:
Gold 121         SH  0     Dex 14      Spells:  0 memorised,  4 levels left

Res.Fire  : . . .   See Invis. : .     - Unarmed
Res.Cold  : . . .   Warding    : .   (armour unavailable)
Life Prot.: . . .   Conserve   : .   (no shield)
Res.Poison: .       Res.Corr.  : .   (helmet restricted)
Res.Elec. : .       Clarity    : .   h - +0 cloak
Sust.Abil.: . .     Spirit.Shd : .   (no gloves)
Res.Mut.  : .       Stasis     : .   (no boots)
Res.Rott. : .       Flight     : .   (no amulet)
Saprovore : . . .                    (no ring)
                                     (no ring)

@: brilliant, slightly resistant to hostile enchantments, fairly stealthy
A: unfitting armour, AC +5
a: no special abilities


You were on level 4 of the Dungeon.
You were very hungry.

You visited 2 branches of the dungeon, and saw 5 of its levels.

You collected 121 gold pieces.

Inventory:

Hand weapons
 e - a +0,+0 dagger
Missiles
 d - 4 darts of flame (quivered)
Armour
 h - a +0 cloak (worn)
Comestibles
 b - 2 bread rations
 k - 2 meat rations
 l - a pear
 n - an apple
Scrolls
 a - 2 scrolls of identify {unknown}
 c - a scroll of amnesia {unknown}
 g - a scroll of teleportation {unknown}
 i - a scroll of enchant weapon I {unknown}
 j - a scroll of recharging {unknown}
 m - 2 scrolls of remove curse {unknown}
 o - 2 scrolls of fog {unknown}
 q - a scroll of curse weapon {unknown}
Potions
 f - a potion of brilliance


   Skills:
 - Level 3.2 Fighting
 - Level 2.6 Dodging
 - Level 1.7 Stealth
 + Level 7.2 Unarmed Combat


You had 4 spell levels left.
You didn't know any spells.

Dungeon Overview and Level Annotations

Branches:
Dungeon (4/27)             Temple (1/1) D:4

Altars:
Ashenzari
Elyvilon
Kikubaaqudgha
Makhleb
Nemelex Xobeh
Sif Muna
Trog
Zin

Annotations
D:3 Grinder; Jessica; rvm's ghost, average GrEE


Message History

The crimson imp hits you but does no damage.
You hit the sky beast.
The sky beast is almost dead.
You closely miss the sky beast. Your punch misses the sky beast.
The sky beast is almost dead.
The sky beast closely misses you. The crimson imp closely misses you.
You barely miss the sky beast.
The sky beast is almost dead.
The sky beast flickers out of sight!
Deactivating autopickup; reactivate with Ctrl-A.
It hits you.
* * * LOW HITPOINT WARNING * * *
It shocks you!
* * * LOW HITPOINT WARNING * * *
The crimson imp hits you.
* * * LOW HITPOINT WARNING * * *
Drink which item? (? for menu, Esc to quit)
You feel more clever all of a sudden.
It was a potion of brilliance.
It hits you.
You die...

# ....#..#. #..#
#........#.##..#..# .
#[................. ...
#........#.##..#..##...
#.......................
#.....................
#...................
###.#..#.####..5..#
#........# #...@.# #
###.#....# #..#≈.##..#..
###.#...#####.............
#............>...........
#####.................###
.####...................
........#####....###..##
#####...# #..#.# ..# #
#...# #..#.# ..


You could see a crimson imp.

Vanquished Creatures
  2 scorpions (D:4)
  A worker ant (D:4)
  3 gnolls (D:4)
  7 adders
  A giant mite (D:1)
  2 worms
  3 giant geckos
  3 orcs
  4 giant cockroaches
  5 goblins
  10 hobgoblins
  3 jackals
  A quokka (D:2)
  4 ball pythons
  7 bats
  A giant newt (D:4)
  6 kobolds
  4 rats
67 creatures vanquished.

Notes
Turn   | Place    | Note
--------------------------------------------------------------
     0 | D:1      | Rycklaryybbe, the Draconian Monk, began the quest for the Orb.
     0 | D:1      | Reached XP level 1. HP: 17/17 MP: 0/0
    96 | D:1      | Reached XP level 2. HP: 7/24 MP: 1/1
   533 | D:1      | Reached skill level 5 in Unarmed Combat
   533 | D:1      | Reached XP level 3. HP: 30/30 MP: 2/2
  1055 | D:2      | Reached XP level 4. HP: 9/37 MP: 3/3
  1596 | D:2      | Reached skill level 6 in Unarmed Combat
  1824 | D:3      | Noticed Jessica
  1824 | D:3      | Noticed Grinder
  1885 | D:3      | Noticed rvm's ghost (average GrEE)
  2135 | D:3      | Found a white marble altar of Elyvilon.
  2455 | D:3      | Reached XP level 5. HP: 33/44 MP: 4/4
  2697 | D:4      | Found a staircase to the Ecumenical Temple.
  2706 | Temple   | Entered the Ecumenical Temple
  3181 | D:4      | Reached skill level 7 in Unarmed Combat
  3314 | D:4      | Noticed a sky beast
  3347 | D:4      | HP: 1/44 [crimson imp (3)]
  3348 | D:4      | Slain by a sky beast

Action                   |  1- 3 |  4- 6 || total
-------------------------+-------+-------++-------
Melee: Unarmed           |   131 |   188 ||   319
  Use: Potion            |       |     1 ||     1
 Stab: Distracted        |     1 |       ||     1
       Sleeping          |     3 |     2 ||     5
